 Dungeon Crawl Stone Soup version 0.20.1-1-g8b1a95d (webtiles) character file.

81 polve the Charmwright (level 4, -5/33 HPs)
             Began as a Merfolk Skald on July 18, 2017.
             Was an Initiate of Nemelex Xobeh.
             Slain by a centaur (8 damage)
             ... on level 3 of the Dungeon.
             The game lasted 00:03:31 (2371 turns).

polve the Charmwright (Merfolk Skald)               Turns: 2371, Time: 00:03:32

Health: -5/33      AC:  4    Str: 11    XL:     4   Next: 40%
Magic:  4/7        EV: 12    Int: 13    God:    Nemelex Xobeh [......]
Gold:   118        SH:  0    Dex: 13    Spells: 1/7 levels left

rFire    . . .     SeeInvis .   a - +0 spear
rCold    . . .     Gourm    .   (no shield)
rNeg     . . .     Faith    .   b - +0 leather armour
rPois    .         Spirit   .   (no helmet)
rElec    .         Reflect  .   (no cloak)
rCorr    .         Harm     .   r - +0 pair of gloves
MR       .....                  (no boots)
Stlth    ++........             (no amulet)
Regen    0.2/turn               j - ring of stealth
MPRegen  0.1/turn               (no ring)

@: infused
A: change form in water, swift swim, stealthy swim
a: Renounce Religion


You were on level 3 of the Dungeon.
You worshipped Nemelex Xobeh.
Nemelex Xobeh was noncommittal.
You were not hungry.

You visited 1 branch of the dungeon, and saw 3 of its levels.

You collected 118 gold pieces.

Inventory:

Hand Weapons
 a - a +0 spear (weapon)
Armour
 b - a +0 leather armour (worn)
 r - a +0 pair of gloves (worn)
Jewellery
 j - a ring of stealth (left hand)
Scrolls
 e - a scroll of enchant weapon {unknown}
 h - a scroll of amnesia {unknown}
 l - a scroll of identify {unknown}
 n - a scroll of teleportation {unknown}
 o - a scroll of random uselessness {unknown}
 p - a scroll of fear {unknown}
 t - a scroll of enchant armour {unknown}
Potions
 f - a potion of heal wounds {unknown}
 g - 2 potions of agility {unknown}
 k - 2 potions of curing {unknown}
 m - a potion of cancellation {unknown}
Books
 c - a book of Battle

   Spells                             Type                      Level
   a - Infusion                       Charms                       1
   b - Shroud of Golubria             Charms/Translocation         2
   c - Song of Slaying                Charms                       2
   d - Spectral Weapon                Hexes/Charms                 3
   e - Regeneration                   Charms/Necromancy            3
Comestibles
 d - 4 bread rations
 q - 2 royal jellies
 s - 7 chunks of flesh
 v - a meat ration


   Skills:
 - Level 2.1 Fighting
 + Level 3.7 Polearms
 - Level 0.6 Armour
 - Level 2.6 Dodging
 - Level 2.0 Spellcasting
 + Level 1.2 Hexes
 - Level 4.0 Charms
 - Level 2.0 Translocations


You had one spell level left.
You knew the following spells:

 Your Spells              Type           Power        Failure   Level  Hunger
a - Infusion              Chrm           ##..         6%          1    ##.....
b - Shroud of Golubria    Chrm/Tloc      #.........   14%         2    ###....
c - Spectral Weapon       Hex/Chrm       #.......     34%         3    ####...


Dungeon Overview and Level Annotations

Branches:
Dungeon (3/15)

Altars:
Cheibriados
Elyvilon
Gozag
Hepliaklqana
Nemelex Xobeh


Message History

The centaur barely misses you.
Found a scroll labeled ALONIHUVEU and 16 gold pieces.
Casting: Infusion
Confirm with . or Enter, or press ? or * to list all spells.
You begin infusing your attacks with magical energy.
The centaur hits you!
* * * LOW HITPOINT WARNING * * *
The centaur hits you.
* * * LOW HITPOINT WARNING * * *
You hit the centaur!
The centaur is moderately wounded.
The centaur hits you.
* * * LOW HITPOINT WARNING * * *
You hit the centaur.
The centaur is moderately wounded.
The centaur hits you.
* * * LOW HITPOINT WARNING * * *
The centaur hits you!
You die...
Your body disappears without a glow.

...$...
..... .....
).. ..? #.#
##.#
##c@######
#...((...#
+...8...<(#
##.......(#
##..######
##.# ###


You could see a centaur.

Vanquished Creatures
  3 adders (D:2)
  An ooze (D:2)
  A worm (D:2)
  4 leopard geckos
  4 bats
  2 giant cockroaches
  6 goblins
  7 hobgoblins
  5 kobolds
  A quokka (D:2)
  4 frilled lizards
  4 rats
42 creatures vanquished.

Notes
Turn   | Place    | Note
-------+----------+-------------------------------------------
     0 | D:1      | polve the Merfolk Skald began the quest for the Orb.
     0 | D:1      | Reached XP level 1. HP: 16/16 MP: 3/3
   180 | D:1      | Reached XP level 2. HP: 21/22 MP: 5/5
   221 | D:1      | Reached skill level 4 in Charms
   225 | D:1      | Learned a level 2 spell: Shroud of Golubria
   609 | D:1      | Reached skill level 1 in Translocations
   969 | D:2      | Reached XP level 3. HP: 27/27 MP: 1/6
  1199 | D:2      | Found a snail-covered altar of Cheibriados.
  1237 | D:2      | Learned a level 3 spell: Spectral Weapon
  1591 | D:2      | Reached XP level 4. HP: 33/33 MP: 4/7
  2204 | D:2      | Reached skill level 1 in Hexes
  2281 | D:2      | Found a white marble altar of Elyvilon.
  2284 | D:2      | Found a sparkling altar of Nemelex Xobeh.
  2291 | D:2      | Became a worshipper of Nemelex Xobeh the Trickster
  2301 | D:2      | Found a hazy altar of Hepliaklqana.
  2310 | D:2      | Found an opulent altar of Gozag.
  2363 | D:3      | Noticed a centaur
  2371 | D:3      | Slain by a centaur

Skill      XL: |  1  2  3  4 |
---------------+-------------+-----
Charms         | 4 |  4.0
Translocations | 1 2 |  2.0
Hexes          | 1 |  1.2
Fighting       | |  2.1
Polearms       | |  3.7
Armour         | |  0.6
Dodging        | |  2.6
Spellcasting   | |  2.0

Action                   |  1- 3 |  4- 6 || total
-------------------------+-------+-------++-------
Melee: Spear             |    94 |    45 ||   139
 Cast: Infusion          |    11 |     4 ||    15
 Stab: Sleeping          |     2 |     1 ||     3
  Eat: Chunk             |     2 |     3 ||     5
Armor: Leather armour    |    15 |     4 ||    19
Dodge: Dodged            |    39 |    20 ||    59
